 Dungeon Sprint DCSS version 0.27.0 (webtiles) character file.

Game seed: 15583211297866064009

33406 osuadh the Scorcher (level 13, -18/102 HPs)
             Began as an Octopode Fire Elementalist on July 31, 2021.
             Was the Champion of Vehumet.
             Killed from afar by a deep elf annihilator (29 damage)
             ... with a bolt of lightning
             ... in the Dungeon (Sprint V: "Ziggurat Sprint").
             The game lasted 00:32:44 (2146 turns).

osuadh the Scorcher (Octopode Fire Elementalist)    Turns: 2146, Time: 00:32:45

Health: -18/102    AC:  5    Str: 14    XL:     13   Next: 70%
Magic:  14/39      EV: 23    Int: 45    God:    Vehumet [******]
Gold:   0          SH:  5    Dex: 20    Spells: 5/38 levels left

rFire    . . .     SeeInvis .   K - staff of conjuration
rCold    . . .     Faith    .   (no shield)
rNeg     . . .     Spirit   .   (helmet restricted)
rPois    .         Reflect  +   N - amulet of Lul Eng {Reflect Rampage Will- Int+5 Dex+2 SH+5}
rElec    .         Harm     .   t - +6 ring of intelligence
rCorr    .         Rampage  +   u - +6 ring of intelligence
Will     .....     NoTele   +   B - +6 ring of intelligence
Stlth    ++++......             s - +6 ring of dexterity
HPRegen  0.27/turn              C - +4 ring of protection
MPRegen  0.26/turn              w - ring of magical power
                                O - ring of wizardry
                                P - ring "Vir Jett" {Will+ Str+6 Stlth+}

@: studying Stealth
A: almost no armour, amphibious, 8 rings, camouflage 1, gelatinous body 1,
(nimble swimmer 1), tentacles
a: Renounce Religion


You were in the Dungeon.
You worshipped Vehumet.
Vehumet was exalted by your worship.
You visited 1 branch

Inventory:

Hand Weapons
 D - the +8 whip "Hiptopu" {protect, rF+}
   (You found it in the Dungeon)

   It grants its wielder temporary protection when it strikes (+7 to AC).
   rF:        It protects you from fire.
 E - the +6 Majin-Bo {vamp, MP+6 Int+6}
   (You found it in the Dungeon)

   It occasionally heals its wielder for a portion of the damage dealt when they
   wound a living foe with it or with a spell.
   Its wielder's spells cost health as well as magical power.
   Int:       It affects your intelligence (+6).
   MP:        It affects your magic capacity (+6).
 F - the +8 lance "Wyrmbane" {slay drac, rPois rF+ rC+ AC+3}
   (You found it in the Dungeon)

   It inflicts extra damage against dragons and draconians.
   AC:        It affects your AC (+3).
   rF:        It protects you from fire.
   rC:        It protects you from cold.
   rPois:     It protects you from poison.
 G - the +1 rapier "Akijaami" {vorpal, rElec rPois Dex+2}
   (You took it off a vampire in the Dungeon)

   It inflicts extra damage upon your enemies.
   Dex:       It affects your dexterity (+2).
   rElec:     It insulates you from electricity.
   rPois:     It protects you from poison.
 H - the +1 dagger "Neunepp" {vorpal, rPois Int-4 Dex+7 SInv}
   (You found it in the Dungeon)

   It inflicts extra damage upon your enemies.
   Int:       It affects your intelligence (-4).
   Dex:       It affects your dexterity (+7).
   rPois:     It protects you from poison.
   SInv:      It lets you see invisible.
Armour
 A - a +3 buckler
Magical Staves
 v - a staff of fire
 I - a staff of air
 J - a staff of earth
 K - a staff of conjuration (weapon)
Jewellery
 f - an amulet of regeneration
 j - a ring of positive energy
 q - a ring of flight
 r - the amulet of Qausulaq {RegenMP Fragile Int+6}
   (You found it in the Dungeon)

   [amulet of magic regeneration]

   It increases your rate of magic regeneration.
   Int:       It affects your intelligence (+6).
   Fragile:   It will be destroyed if unequipped.
 s - a +6 ring of dexterity (on tentacle)
 t - a +6 ring of intelligence (left tentacle)
 u - a +6 ring of intelligence (right tentacle)
 w - a ring of magical power (on tentacle)
 B - a +6 ring of intelligence (on tentacle)
 C - a +4 ring of protection (on tentacle)
 L - a +4 ring of protection
 M - a ring of ice
 N - the amulet of Lul Eng (around mantle) {Reflect Rampage Will- Int+5 Dex+2 SH+5}
   (You found it in the Dungeon)

   [amulet of reflection]

   It reflects blocked missile attacks.
   Int:       It affects your intelligence (+5).
   Dex:       It affects your dexterity (+2).
   SH:        It affects your SH (+5).
   Rampage:   It bestows one free step when moving towards enemies.
   Will:      It decreases your willpower.
 O - a ring of wizardry (on tentacle)
 P - the ring "Vir Jett" (on tentacle) {Will+ Str+6 Stlth+}
   (You found it in the Dungeon)

   [ring of strength]

   Str:       It affects your strength (+6).
   Will:      It increases your willpower.
   Stlth:     It makes you more stealthy.
 R - a ring of see invisible
 S - a ring of resist corrosion
 T - the ring "Pedwi" {*Slow +Blink rF+ rCorr Int+10}
   (You found it in the Dungeon)

   [ring of resist corrosion]

   Int:       It affects your intelligence (+10).
   rF:        It protects you from fire.
   +Blink:    It lets you blink.
   rCorr:     It protects you from acid and corrosion.
   *Slow:     It may slow you when you take damage.
Wands
 x - a wand of mindburst (7)
 y - a wand of iceblast (7)
 z - a wand of acid (7)
Scrolls
 l - 4 scrolls of amnesia
 m - 7 scrolls of fog
 n - 2 scrolls of holy word
 o - 5 scrolls of identify
 p - 2 scrolls of fear
 Q - 4 scrolls of brand weapon
Potions
 a - 9 potions of curing
 b - 5 potions of heal wounds
 c - 10 potions of haste
 d - 4 potions of magic
 e - 3 potions of berserk rage
 g - 2 potions of brilliance
 h - 2 potions of invisibility
 i - 4 potions of resistance
 k - 6 potions of might


   Skills:
 + Level 14.3 Fighting
 + Level 14.5 Dodging
 - Level 2.6 Stealth
 - Level 13.2 Spellcasting
 + Level 18.0 Conjurations
 + Level 18.1 Fire Magic


You had 5 spell levels left.
You knew the following spells:

 Your Spells              Type           Power      Damage    Failure   Level
a - Foxfire               Conj/Fire      100%       2x1d9     0%          1
b - Fireball              Conj/Fire      69%        3d26      0%          5
c - Sticky Flame          Conj/Fire      100%       2d11      0%          4
d - Iskenderun's Mystic   Conj/Tloc      100%       2d19      1%          4
e - Blink                 Tloc           N/A        N/A       1%          2
f - Airstrike             Air            14%        N/A       1%          4
g - Spellforged Servitor  Conj/Summ      52%        N/A       2%          7
h - Starburst             Conj/Fire      69%        8x6d18    1%          6

Your spell library contained the following spells:

 Spells                   Type           Power      Damage    Failure   Level
 Freezing Cloud           Conj/Ice/Air   45%        6-21      1%          5
 Conjure Flame            Conj/Fire      100%       6-21      0%          3
 Iskenderun's Battlesphe  Conj           100%       2d15      0%          5
 Freeze                   Ice            100%       1d11      1%          1
 Sandblast                Erth           58%        2d13      1%          1
 Sting                    Tmut/Pois      100%       1d8       1%          1
 Passwall                 Tmut/Erth      24%        N/A       1%          2
 Poisonous Vapours        Pois/Air       58%        N/A       1%          2
 Slow                     Hex            29%        N/A       1%          2
 Call Canine Familiar     Summ           29%        N/A       1%          3
 Confusing Touch          Hex            29%        N/A       1%          3
 Gell's Gravitas          Tloc           14%        N/A       1%          3
 Inner Flame              Hex/Fire       84%        N/A       1%          3
 Lesser Beckoning         Tloc           14%        N/A       1%          3
 Portal Projectile        Hex/Tloc       58%        N/A       1%          3
 Summon Guardian Golem    Hex/Summ       29%        N/A       1%          3
 Teleport Other           Tloc           29%        N/A       1%          3
 Vampiric Draining        Necr           14%        2d8       1%          3
 Fulminant Prism          Conj/Hex       52%        3d23      1%          4
 Dispel Undead            Necr           29%        3d13      3%          4
 Leda's Liquefaction      Hex/Erth       14%        N/A       3%          4
 Summon Ice Beast         Ice/Summ       29%        N/A       3%          4
 Lee's Rapid Deconstruct  Erth           14%        3d10*     3%          5
 Yara's Violent Unravell  Hex/Tmut       14%        3d7       3%          5
 Manifold Assault         Tloc           29%        N/A       11%         5
 Summon Forest            Summ/Tloc      14%        N/A       11%         5
 Iron Shot                Conj/Erth      52%        9d10      1%          6
 Eringya's Noxious Bog    Tmut/Pois      14%        N/A       14%         6
 Death Channel            Necr           14%        N/A       45%         6
 Dispersal                Tloc           14%        N/A       45%         6
 Summon Hydra             Summ           14%        N/A       95%         7


Dungeon Overview and Level Annotations

Branches:
Dungeon (1/1)

Altars:
Ashenzari
Cheibriados
Dithmenos
Elyvilon
Fedhas
Gozag
Hepliaklqana
Kikubaaqudgha
Makhleb
Nemelex Xobeh
Okawaru
Qazlal
Ru
Sif Muna
Trog
Uskayaw
Vehumet
Wu Jian
Xom
Yredelemnul
Zin
The Shining One
Beogh
Jiyva
Lugonu


Innate Abilities, Weirdness & Mutations

You cannot wear most types of armour.
You are amphibious.
You can wear up to eight rings at the same time.
Your skin changes colour to match your surroundings (Stealth+).
Your rubbery body absorbs attacks. (AC +1, EV +1)
((You are camouflaged near water. (Stealth+)))
You have tentacles for arms and can constrict up to eight enemies at once.


Message History

The deep elf master archer shoots an arrow.
The arrow barely misses you.
The deep elf master archer shoots an arrow.
The arrow completely misses you.
The +3 vorpal scimitar is engulfed in blazing flames.
The deep elf zephyrmancer casts a spell at you.
The bolt of lightning hits you!!
* * * LOW HITPOINT WARNING * * *
A deep elf annihilator comes into view. It is wielding a +0 antimagic war axe.
Your Conjurations skill increases to level 18!
Casting: Iskenderun's Mystic Blast (safe; 1% risk of failure)
Confirm with . or Enter, or press ? or * to list all spells.
Aiming: Fireball (safe; 0% risk of failure)
Press: ? - help, Shift-Dir - straight line You feel a surge of power!
The fireball explodes!
The fireball engulfs the deep elf annihilator!!
The deep elf annihilator is moderately wounded.
The fireball engulfs the deep elf master archer!!!
The deep elf master archer is severely wounded.
The fireball engulfs the deep elf zephyrmancer!!
The deep elf zephyrmancer is almost dead.
You hear some strange, mumbled words.
The deep elf annihilator mumbles some strange words.
The deep elf annihilator blinks!
The fire elemental misses you.
You feel much better. The +3 vorpal scimitar hits you!!
* * * LOW HITPOINT WARNING * * *
x2 The deep elf master archer shoots an arrow.
The arrow closely misses you. The +3 vorpal scimitar hits you!
* * * LOW HITPOINT WARNING * * *
x2 You block the fire elemental's attack.
The deep elf master archer shoots an arrow.
Reactivating autopickup.
You feel a bit more experienced.
The deep elf annihilator gestures wildly while chanting.
The deep elf annihilator blinks!
The deep elf annihilator casts a spell at you.
The bolt of lightning hits the +3 vorpal scimitar.
The +3 vorpal scimitar completely resists.
The bolt of lightning hits you!!
You die...

▓.........
▓..[||)!))§)..▓.....[)..
▓.)....))..e..▓.........
▓......e...e..▓.....)...
▓.e....ee.....▓..▓.....▓
▓.....○°......▓.▓.▓...▓.
▓....ee().....▓..▓.....▓
▓§.(E...▓ ▓.....©... ▓
▓▓..@..▓▓ ▓▓▓▓▓▓▓▓▓▓
▓..▓.......▓..▓....8©8..
▓.............▓..[.))†[.
▓......©......▓....""").
▓▓▓▓▓▓▓▓▓▓▓▓▓▓▓.........
▓.....††.. ▓......†..
▓.....†... ▓..▓.....▓


You could see 2 deep elf master archers, 2 deep elf annihilators, 2 deep elf
pyromancers, 2 deep elf zephyrmancers, a fire elemental and 2 dancing weapons.

Vanquished Creatures
  2 liches (D)
  A vault warden (D)
  An emperor scorpion (D)
  A vampire knight (D)
  A deep elf demonologist (D)
  A deep elf annihilator (D)
  A deep elf death mage (D)
  An ironbound frostheart (D)
  4 dancing weapons (D)
  A deep elf knight (D)
  A vampire mage (D)
  A thrashing horror (D)
  An iron golem (D)
  4 skeletal warriors (D)
  A wretched star (D)
  A shadow wraith (D)
  2 deep elf zephyrmancers (D)
  An orb spider (D)
  4 deep elf pyromancers (D)
  An ugly thing (D)
  A necromancer (D)
  3 wolf spiders (D)
  A large abomination (D)
  A vault sentinel (D)
  A torpor snail (D)
  A tormentor (D)
  2 demonic crawlers (D)
  A red devil (D)
  A jumping spider (shapeshifter) (D)
  2 ancient zymes (D)
  6 hornets (D)
  2 jumping spiders (D)
  A raiju (D)
  2 redbacks (D)
  A spriggan (D)
  An air elemental (D)
  A ynoxinul (D)
  A shadow (D)
  A wraith (D)
  5 tarantellas (D)
  A vampire (D)
  7 neqoxecs (D)
  A chaos spawn (D)
  2 small abominations (D)
  2 necrophages (D)
  A black bear (D)
  A wolf (D)
  A phantom (D)
  A bullfrog (D)
  6 wights (D)
  A quasit (D)
  A crimson imp (D)
  3 iron imps (D)
  3 iguanas (D)
  2 river rats (D)
  4 shadow imps (D)
  A white imp (D)
  3 ufetubi (D)
  An adder skeleton (D)
  An adder zombie (D)
  3 bat skeletons (D)
  2 bat zombies (D)
  2 jackals (D)
  2 ball python skeletons (D)
  2 ball python zombies (D)
  5 giant cockroach zombies (D)
  A jackal skeleton (D)
  2 quokka zombies (D)
128 creatures vanquished.

Vanquished Creatures (collateral kills)
  An orc high priest (D)
  A wretched star (D)
  A glowing orange brain (D)
  A wraith (D)
  A small abomination (D)
  A ball python zombie (D)
6 creatures vanquished.

Vanquished Creatures (others)
  A deep elf knight (D)
  A necromancer (D)
  12 foxfires (D)
14 creatures vanquished.

Grand Total: 148 creatures vanquished

Notes
Turn   | Place    | Note
-------+----------+-------------------------------------------
     0 | D        | osuadh the Octopode Fire Elementalist began the quest for
                  | the Orb.
     0 | D        | Reached XP level 1. HP: 11/11 MP: 3/3
     0 | D        | Found a shimmering blue altar of Sif Muna.
     0 | D        | Found a sacrificial altar of Ru.
     0 | D        | Found a bloodstained altar of Trog.
     0 | D        | Found a stormy altar of Qazlal.
     0 | D        | Found an iron altar of Okawaru.
     0 | D        | Found a sparkling altar of Nemelex Xobeh.
     0 | D        | Found a blossoming altar of Fedhas.
     1 | D        | Found the +6 Majin-Bo {vamp, MP+6 Int+6}
     1 | D        | Found the +9 heavy crossbow "Sniper" {vorpal, Acc+∞ SInv}
     1 | D        | Found the +10 dark maul {vorpal}
     1 | D        | Found the +15 Maxwell's patent armour {-Cast -Tele rElec
                  | Will+ rCorr}
     1 | D        | Found the +18 shield of the Gong {rElec rN+ Will+ EV-5}
     1 | D        | Found the +14 obsidian axe {vorpal, Drain Fly SInv}
     1 | D        | Found the +7 great mace "Firestarter" {inner flame, rF++}
     1 | D        | Found the +6 shillelagh "Devastator" {shatter}
     1 | D        | Found the +11 plutonium sword {Contam Stlth-}
     1 | D        | Found the +8 lance "Wyrmbane" {slay drac, rPois rF+ rC+
                  | AC+3}
     1 | D        | Found the +9 sword of Zonguldrok {reap}
     1 | D        | Found the +13 scythe of Curses {drain, Drain}
     1 | D        | Found the +5 sword of Power {vorpal}
     1 | D        | Found the +7 mace of Variability {chain chaos}
     1 | D        | Found the +7 Singing Sword {vorpal, sonic wave}
     1 | D        | Found the +8 storm bow {elec, penet}
     2 | D        | Found a transporter.
     2 | D        | Found an ancient bone altar of Kikubaaqudgha.
     2 | D        | Found a viscous altar of Jiyva.
     2 | D        | Found a corrupted altar of Lugonu.
     2 | D        | Found a hazy altar of Hepliaklqana.
     2 | D        | Found a burning altar of Makhleb.
     2 | D        | Found an opulent altar of Gozag.
    78 | D        | Became a worshipper of Vehumet
    90 | D        | Reached skill level 5 in Fire Magic
    90 | D        | Reached XP level 2. HP: 17/17 MP: 3/7
   180 | D        | Entered arena 2.
   180 | D        | Noticed a spriggan
   180 | D        | Noticed a black bear
   180 | D        | Found a transporter.
   185 | D        | Killed a spriggan
   186 | D        | Reached XP level 3. HP: 9/21 MP: 8/10
   186 | D        | Reached XP level 4. HP: 12/27 MP: 9/12
   186 | D        | Reached XP level 5. HP: 13/31 MP: 9/13
   190 | D        | Killed a black bear
   191 | D        | Reached XP level 6. HP: 22/36 MP: 6/16
   314 | D        | Learned a level 5 spell: Fireball
   319 | D        | Learned a level 4 spell: Sticky Flame
   321 | D        | Entered arena 3.
   321 | D        | Noticed a vault sentinel
   321 | D        | Noticed an ironbound frostheart
   321 | D        | Noticed a vault warden
   321 | D        | Found a transporter.
   324 | D        | Killed an ironbound frostheart
   324 | D        | Reached * piety under Vehumet
   324 | D        | Offered knowledge of Shock by Vehumet.
   325 | D        | Reached skill level 10 in Conjurations
   325 | D        | Reached skill level 10 in Fire Magic
   325 | D        | Reached XP level 7. HP: 9/41 MP: 7/19
   325 | D        | Reached XP level 8. HP: 11/46 MP: 7/21
   333 | D        | Killed a vault sentinel
   334 | D        | Reached skill level 10 in Spellcasting
   334 | D        | Killed a vault warden
   334 | D        | Reached ** piety under Vehumet
   335 | D        | Reached XP level 9. HP: 46/51 MP: 1/24
   469 | D        | Learned a level 4 spell: Iskenderun's Mystic Blast
   472 | D        | Learned a level 2 spell: Blink
   474 | D        | Entered arena 4.
   474 | D        | Noticed a deep elf pyromancer
   474 | D        | Noticed a deep elf zephyrmancer
   474 | D        | Noticed a deep elf knight
   474 | D        | Noticed a +2 mace of protection
   474 | D        | Found a transporter.
   476 | D        | Killed a deep elf zephyrmancer
   477 | D        | Killed a deep elf knight
   478 | D        | Reached XP level 10. HP: 22/63 MP: 21/25
   481 | D        | Killed a +2 mace of protection
   482 | D        | Reached skill level 5 in Dodging
   483 | D        | Killed a deep elf pyromancer
   483 | D        | Reached *** piety under Vehumet
   726 | D        | Entered arena 5.
   726 | D        | Found a transporter.
   727 | D        | Offered knowledge of Static Discharge by Vehumet.
   728 | D        | Reached skill level 5 in Fighting
   740 | D        | Got the +1 dagger "Neunepp" {vorpal, rPois Int-4 Dex+7
                  | SInv}
   747 | D        | Entered arena 6.
   747 | D        | Found a transporter.
   748 | D        | Reached **** piety under Vehumet
   773 | D        | Entered arena 7.
   774 | D        | Reached ***** piety under Vehumet
   777 | D        | Found a transporter.
   907 | D        | Entered arena 8.
   907 | D        | Noticed a +4 vorpal battleaxe
   907 | D        | Noticed a deep elf pyromancer
   907 | D        | Noticed a deep elf pyromancer
   907 | D        | Noticed a deep elf zephyrmancer
   907 | D        | Noticed a +2 vorpal long sword
   907 | D        | Noticed a deep elf death mage
   909 | D        | Killed a deep elf zephyrmancer
   909 | D        | Offered knowledge of Ignite Poison by Vehumet.
   910 | D        | Killed a deep elf death mage
   912 | D        | Found a transporter.
   913 | D        | Killed a deep elf pyromancer
   913 | D        | Reached ****** piety under Vehumet
   913 | D        | Killed a deep elf pyromancer
   914 | D        | Reached XP level 11. HP: 34/75 MP: 18/28
   914 | D        | Killed a +2 vorpal long sword
   923 | D        | Killed a +4 vorpal battleaxe
  1009 | D        | Got Sif Muna's Tome of Stolen Souls and Poisoning
  1136 | D        | Entered arena 9.
  1136 | D        | Noticed a large abomination
  1137 | D        | Offered knowledge of Airstrike by Vehumet.
  1138 | D        | Killed a large abomination
  1139 | D        | Found a transporter.
  1167 | D        | Learned a level 4 spell: Airstrike
  1171 | D        | Entered arena 10.
  1172 | D        | Offered knowledge of Irradiate by Vehumet.
  1174 | D        | Found a transporter.
  1180 | D        | Got the amulet of Lul Eng {Reflect Rampage Will- Int+5
                  | Dex+2 SH+5}
  1184 | D        | Got the ring "Vir Jett" {Will+ Str+6 Stlth+}
  1213 | D        | Entered arena 11.
  1213 | D        | Noticed a cyan ugly thing
  1216 | D        | Killed a cyan ugly thing
  1313 | D        | Found a transporter.
  1331 | D        | Got the +8 whip "Hiptopu" {protect, rF+}
  1362 | D        | Entered arena 12.
  1362 | D        | Noticed a skeletal warrior
  1362 | D        | Noticed a skeletal warrior
  1362 | D        | Noticed a vampire knight
  1362 | D        | Noticed a necromancer
  1363 | D        | Offered knowledge of Spellforged Servitor by Vehumet.
  1363 | D        | Noticed a lich
  1364 | D        | Identified the +1 rapier "Akijaami" {vorpal, rElec rPois
                  | Dex+2}
  1365 | D        | Killed a skeletal warrior
  1365 | D        | Killed a necromancer
  1366 | D        | Reached skill level 15 in Fire Magic
  1366 | D        | Killed a skeletal warrior
  1367 | D        | Reached skill level 10 in Dodging
  1367 | D        | Reached skill level 15 in Conjurations
  1371 | D        | Killed a lich
  1371 | D        | Killed a vampire knight
  1372 | D        | Reached skill level 10 in Fighting
  1372 | D        | Reached XP level 12. HP: 89/89 MP: 19/29
  1373 | D        | Found a transporter.
  1384 | D        | Got Tasyuf's Collected Works on Freezing Orientation
  1445 | D        | Entered arena 13.
  1457 | D        | Found a transporter.
  1597 | D        | Learned a level 7 spell: Spellforged Servitor
  1597 | D        | Entered arena 14.
  1598 | D        | Noticed an emperor scorpion
  1599 | D        | Found a transporter.
  1600 | D        | Offered knowledge of Starburst by Vehumet.
  1606 | D        | Killed an emperor scorpion
  1702 | D        | Got the amulet "Pinavit" {-Cast Regen+ Str+5}
  1705 | D        | Got the amulet "Lafuor" {Faith Dex+5}
  1708 | D        | Got the Reference Book on the Compass and Illusion
  1710 | D        | Got the amulet of Qausulaq {RegenMP Fragile Int+6}
  1733 | D        | Learned a level 6 spell: Starburst
  1733 | D        | Entered arena 15.
  1735 | D        | Offered knowledge of Orb of Destruction by Vehumet.
  1735 | D        | Noticed a vampire mage
  1736 | D        | Identified the +12 trident of Bitrein {venom, Dex+2}
  1737 | D        | Noticed a lich
  1738 | D        | Killed a vampire mage
  1739 | D        | Reached XP level 13. HP: 98/98 MP: 30/30
  1742 | D        | Killed a lich
  1744 | D        | Found a transporter.
  1774 | D        | Entered arena 16.
  1785 | D        | Found a transporter.
  1803 | D        | Got the amulet "Sifuwed" {Spirit +Blink Dex+2 Slay+5}
  1845 | D        | Entered arena 17.
  1858 | D        | Found a transporter.
  1858 | D        | Offered knowledge of Bolt of Magma by Vehumet.
  2112 | D        | Got the ring "Pedwi" {*Slow +Blink rF+ rCorr Int+10}
  2132 | D        | Entered arena 18.
  2139 | D        | Noticed a deep elf annihilator
  2139 | D        | Noticed a deep elf demonologist
  2139 | D        | Noticed a deep elf master archer
  2140 | D        | Noticed a deep elf annihilator
  2141 | D        | Killed a deep elf demonologist
  2141 | D        | Offered knowledge of Freezing Cloud by Vehumet.
  2141 | D        | Identified the +9 eveningstar of Inconvenience {antimagic,
                  | Str+2 SInv}
  2142 | D        | Killed a deep elf annihilator
  2143 | D        | Noticed a deep elf master archer
  2144 | D        | Noticed a deep elf annihilator
  2146 | D        | Killed from afar by a deep elf annihilator

Illustrated notes

Levels and vault maps discovered:
D:        sprint_v [room_start, room_1, room_2, room_3, room_4, room_5, room_6,
          room_7, room_8, room_9, room_10, room_11, room_12, room_13, room_14,
          room_15, room_16, room_17, room_18, room_19, room_20, room_21,
          room_22, room_23, room_24, room_25, room_26, room_27]

Skill      XL: |  1  2  3  4  5  6  7  8  9 10 11 12 13 |
---------------+----------------------------------------+-----
Spellcasting   | 4 6 7 9 11 13 | 13.2
Conjurations   | 4 6 7 10 12 13 15 16 18 | 18.0
Fire Magic     | 5 7 8 10 12 13 14 15 16 18 | 18.1
Fighting       | 3 7 10 12 14 | 14.3
Dodging        | 4 7 11 12 14 | 14.5
Stealth        | |  2.6

Action                   |  1- 3 |  4- 6 |  7- 9 | 10-12 | 13-15 || total
-------------------------+-------+-------+-------+-------+-------++-------
Melee: Staff             |       |       |       |       |     3 ||     3
       Tentacles         |       |       |       |       |     1 ||     1
 Cast: Foxfire           |     5 |     4 |       |       |       ||     9
       Fireball          |       |     3 |     8 |    47 |    14 ||    72
       Iskenderun's Myst |       |       |       |    14 |    13 ||    27
       Airstrike         |       |       |       |     5 |     7 ||    12
       Spellforged Servi |       |       |       |       |     3 ||     3
       Blink             |       |       |       |       |     1 ||     1
       Starburst         |       |       |       |       |     1 ||     1
  Use: Potion            |     1 |       |     3 |     3 |     3 ||    10
       Scroll            |       |       |     2 |     2 |       ||     4
Armor: Skin              |       |     1 |       |       |       ||     1
Dodge: Dodged            |     5 |     4 |     3 |    36 |    18 ||    66
Block: Other             |       |       |       |     6 |     1 ||     7
